 Dungeon Crawl Stone Soup version 0.17-a0-1-g1f4be75 (webtiles) character file.

133148 McCoppin the Ninja (level 16, 0/109 HPs)
             Began as a Felid Berserker on Mar 8, 2015.
             Was a High Priest of Trog.
             Killed by vampiric draining
             ... invoked by a deep elf death mage
              (16 damage)
             ... on level 3 of the Elven Halls on Mar 9, 2015.
             The game lasted 06:27:09 (56893 turns).

McCoppin the Ninja (Felid Berserker)               Turns: 56893, Time: 06:27:09

Health: 0/109      AC:  3    Str: 20    XL:     16   Next: 59%
Magic:  23/23      EV: 39    Int:  9    God:    Trog [*****.]
Gold:   1826       SH:  0    Dex: 22    Spells: 0 memorised, 15 levels left
                                        Lives:  0   Deaths: 5

rFire  + + .     SeeInvis +       - Unarmed
rCold  + + .     Clarity  +     (armour unavailable)
rNeg   . . .     SustAb   .     (shield unavailable)
rPois  .         Gourm    .     (helmet unavailable)
rElec  +         Spirit   .     (cloak unavailable)
rCorr  .         Warding  .     (gloves unavailable)
rMut   .         Rnd*Tele +     (boots unavailable)
MR     ++++.                    k - amulet of regeneration
Stlth  ..........               N - ring of stealth
                                b - +4 ring of strength

@: berserking (expiring), lethally poisoned (0 -> 0), regenerating, drained,
very quick, incredibly resistant to hostile enchantments, extremely unstealthy
A: paw claws, no armour, no weapons or thrown items, antennae 1, fangs 3, see
invisible, blink 1, carnivore 3, clarity, cold resistance 1, fire resistance 2,
speed 1, sense surroundings 1, shaggy fur 3, electricity resistance, slow
metabolism 1, spit poison 2, teleportitis 1, weak 1, placid magic 1, sharp paws
a: Spit Poison, Blink, Burn Spellbooks, Berserk, Trog's Hand, Brothers in Arms,
Renounce Religion


You were on level 3 of the Elven Halls.
You worshipped Trog.
Trog was extremely pleased with you.
You were full.

You visited 6 branches of the dungeon, and saw 35 of its levels.
You also visited: Ice Cave.

You collected 3846 gold pieces.
You spent 2020 gold pieces at shops.

Inventory:

Hand weapons
 H - a +4 short sword of venom
Jewellery
 b - a +4 ring of strength (left paw)
 f - an uncursed ring of positive energy
 k - an amulet of regeneration (around neck)
 m - an uncursed amulet of faith
 u - an uncursed ring of flight
 K - the ring of Viarchixo {rPois rC+ MP+9 Dex+3 Stlth-}
   (You took it off a deep elf demonologist on level 3 of the Elven Halls)

   [ring of protection from cold]

   It affects your dexterity (+3).
   It protects you from cold.
   It protects you from poison.
   It affects your magic capacity (+9).
   It makes you less stealthy.
 L - a +4 ring of dexterity
 N - a ring of stealth (right paw)
 Q - a +3 ring of strength
 R - the ring of Joatrec {Dex+4 Stlth-}
   (You took it off a deep elf blademaster on level 3 of the Elven Halls)

   [ring of loudness]

   It affects your dexterity (+4).
   It makes you less stealthy.
Magical devices
 a - a wand of random effects (38)
 j - a wand of confusion (12)
 l - a wand of magic darts (19)
 y - a wand of disintegration (5)
 z - a wand of paralysis (10)
 A - a wand of disintegration (13)
 F - a wand of disintegration (16)
 I - a wand of teleportation (4)
 J - a wand of teleportation (4)
 Y - a wand of heal wounds (1)
Scrolls
 d - 7 scrolls of immolation
 g - 7 scrolls of recharging
 n - 9 scrolls of identify
 q - 10 scrolls of remove curse
 r - 6 scrolls of magic mapping
 v - a scroll of fog
 G - a scroll of summoning
 M - 2 scrolls of silence
 P - 4 scrolls of holy word
 X - 8 scrolls of teleportation
Potions
 e - 7 potions of brilliance
 i - 11 potions of might
 o - a potion of cure mutation
 p - 2 potions of resistance
 s - 3 potions of agility
 w - a potion of flight
 x - 2 potions of berserk rage
 B - 6 potions of curing
 C - 2 potions of haste
 D - a potion of restore abilities
 T - a potion of lignification
Books
 h - the Papyrus of Stolen Souls
   (You found it on level 1 of the Elven Halls)

   Spells                             Type                      Level
   a - Animate Skeleton               Necromancy                   1
   b - Pain                           Necromancy                   1
   c - Corpse Rot                     Necromancy                   2
   d - Sublimation of Blood           Necromancy                   2
   e - Vampiric Draining              Necromancy                   3
   f - Simulacrum                     Ice/Necromancy               6
   Trog disapproves of the use of such an item.
 E - a book of Party Tricks

   Spells                             Type                      Level
   a - Summon Butterflies             Summoning                    1
   b - Apportation                    Translocation                1
   c - Tukima's Dance                 Hexes                        3
   d - Alistair's Intoxication        Transmutation/Poison         4
   e - Invisibility                   Hexes                        6
   Trog disapproves of the use of such an item.
Miscellaneous
 O - a box of beasts
 S - a disc of storms
 U - a sack of spiders
Comestibles
 c - 14 meat rations
 t - 12 slices of pizza


   Skills:
 - Level 10.0 Fighting
 + Level 21.7 Dodging
 O Level 27(26.9) Stealth
 - Level 20.0(19.9) Unarmed Combat


You had 15 spell levels left.
You didn't know any spells.

Dungeon Overview and Level Annotations

Branches:
Dungeon (15/15)            Temple (0/1) D:7            Lair (8/8) D:9
  Swamp (0/5) Lair:3        Snake (1/5) Lair:5        Slime (0/6) Lair:8
    Orc (4/4) D:11            Elf (3/3) Orc:3        Vaults (0/5) D:13
 Depths (4/5) D:15

Altars:
Ashenzari
Dithmenos
Kikubaaqudgha
Makhleb
Nemelex Xobeh
Qazlal
Sif Muna
Xom
Zin
The Shining One
Beogh
Jiyva

Shops:
D:6 (   D:9 (   D:12 [   Orc:1 (   Orc:2 :   Orc:4 :(*[   Elf:1 ?

Portals:
Hell: Depths:1 Depths:2
Pandemonium: Depths:1 Depths:2
Ziggurat: Depths:2

Annotations:
D:7 1 exclusion
Lair:3 2 exclusions
Lair:5 1 exclusion
Depths:3 1 exclusion


Innate Abilities, Weirdness & Mutations

You cannot wear armour.
You are incapable of wielding weapons or throwing items.
You have razor-sharp teeth.
You have supernaturally acute eyesight.
You are carnivorous and can eat meat at any time.
You cover ground quickly.
Your thick and shaggy fur keeps you warm (AC +3, rC+).
You have a slow metabolism.
Your paws have sharp claws that are effective at stabbing.
You have a pair of small antennae on your head.
You can translocate small distances at will.
You possess an exceptional clarity of mind.
Your flesh is cold resistant.
Your flesh is very heat resistant.
You passively map a small area around you.
You are resistant to electric shocks.
You can spit moderately strong poison.
Space occasionally distorts in your vicinity.
You are weak. (Str -2)
Your spells are a little easier to cast, but a little less powerful.


Message History

You eviscerate the deep elf annihilator!!!
The deep elf annihilator is almost dead.
The deep elf annihilator barely misses you.
You eviscerate the deep elf annihilator!!!
You kill the deep elf annihilator!
Trog accepts your kill.
Trog appreciates your killing of a magic user.
You feel sick. The deep elf death mage misses you.
You claw the deep elf death mage!
The deep elf death mage begins to bleed from its wounds!
Your claw misses the deep elf death mage.
The deep elf death mage is lightly wounded.
You completely miss the deep elf death mage.
The deep elf death mage is lightly wounded.
You claw the deep elf death mage!
The deep elf death mage is moderately wounded.
You feel sick.
The deep elf death mage is infused with unholy energy.
You die...

,, , , #(# #...#..#≈≈. , , #(#
,, #...#..#≈≈. , , #)# , ,
#)###..#≈≈. , , *#(# ,,
#...'..#≈≈. * * * #(# *
#...#..'... , ######)######
#...#..'... #...≈≈(≈≈...# *
,#...#).'.).
#####.).≈≈.≈≈)).###
#...#..#≈≈.
...e)...≈≈.≈≈..)@.#
#...#..#≈≈.
..###...≈≈.≈≈...#e#
#...#..#≈≈. .##
######.######.## ,###+#..#≈≈.
## .e......e....##,#...#..#≈≈.
{ ,
.........e.e...#.#...#..#≈≈.
,......⌠....e....'.#...#..#≈≈.
..........ee...#.#...+..#≈≈. *
..............## #...#..#≈≈. *
...........###* #P..#..#≈≈.


You could see a deep elf death mage (bleeding).

Vanquished Creatures
  2 deep elf blademasters (Elf:3)
  A deep elf master archer (Elf:3)
  A sphinx (Depths:2)
  Rupert (Lair:3)
  Agnes (Depths:1)
  2 fire giants
  Donald (Orc:3)
  2 frost giants
  3 deep elf sorcerers
  2 emperor scorpions
  A war gargoyle (Depths:3)
  An orc warlord (Orc:4)
  6 stone giants
  2 very ugly things (Depths:3)
  A vampire knight (Depths:1)
  3 deep elf annihilators (Elf:3)
  A dire elephant (D:15)
  8 deep elf demonologists (Elf:3)
  3 ettins (Depths:1)
  A minotaur (Depths:1)
  6 deep elf death magi
  3 fire dragons
  A merfolk impaler (Depths:1)
  2 crystal guardians (Depths:3)
  A deep elf high priest (Elf:3)
  Harold (Lair:4)
  3 ice dragons
  A great orb of eyes (Depths:1)
  A spectral shadow dragon (Depths:3)
  3 catoblepae
  6 hydras
  Erica (D:11)
  6 centaur warriors
  3 ogre magi
  15 death yaks
  15 dancing weapons (Elf:2)
  5 orc high priests
  The ghost of ZiggyStardust the Transmogrifier, an experienced OpTm (D:9)
  5 hell knights (Depths:2)
  Nergalle (D:11)
  A naga sharpshooter (Snake:1)
  21 deep elf knights
  4 skeletal warriors (D:15)
  A death drake (shapeshifter) (Depths:3)
  A giant orange brain (Depths:3)
  7 hill giants
  A harpy (shapeshifter) (Depths:3)
  15 deep elf summoners
  A naga ritualist (Snake:1)
  An unseen horror (D:15)
  13 deep elf conjurers
  4 necromancers
  3 mana vipers (Snake:1)
  3 wizards
  An orb spider (shapeshifter) (D:13)
  5 orc knights
  14 ugly things
  A griffon (Lair:6)
  3 orc sorcerers
  A cyclops (D:12)
  A water nymph (shapeshifter) (Depths:3)
  4 large abominations (Elf:1)
  A naga mage (Snake:1)
  4 black mambas
  3 centaur zombies
  5 elephants
  Maurice (D:10)
  A torpor snail (Depths:2)
  An eye of devastation (shapeshifter) (Depths:3)
  5 centaur skeletons
  An elf (shapeshifter) (Elf:1)
  2 fire drakes (Lair:7)
  9 komodo dragons
  10 spiny frogs
  10 trolls
  2 demonic crawlers
  8 yaktaurs
  5 gargoyles
  2 kobold demonologists (D:14)
  9 deep elf priests
  10 polar bears (IceCv)
  A wind drake (Depths:3)
  A freezing wraith (D:15)
  A merfolk (shapeshifter) (Depths:3)
  Sonja (Orc:2)
  A boulder beetle (Lair:8)
  A jumping spider (Elf:2)
  22 slime creatures
  3 raiju (Depths:3)
  A blue devil (Elf:3)
  8 two-headed ogres
  7 blink frogs
  A shadow (D:14)
  4 basilisks
  3 vampires
  2 redbacks
  20 flying skulls (Depths:2)
  A tarantella (Elf:1)
  56 yaks
  2 wraiths
  2 air elementals (Depths:3)
  3 water elementals (Depths:1)
  23 deep elf magi
  A trapdoor spider (D:15)
  Eustachio (D:8)
  2 wyverns
  19 humans
  Grum (D:11)
  22 wolves
  2 hungry ghosts
  7 vampire mosquitoes
  30 deep elf fighters
  5 wargs
  4 nagas
  Edmund (D:4)
  2 mottled dragons
  A soldier ant (D:14)
  6 hippogriffs
  17 water moccasins
  9 porcupines
  3 eyes of draining
  2 wasps
  3 black bears
  8 spiders (Depths:1)
  31 orc warriors
  A boring beetle (Lair:6)
  6 sky beasts
  27 ogres
  2 phantoms
  12 centaurs
  13 ice beasts
  A slave (D:9)
  15 crocodiles
  Sigmund (D:5)
  A brain worm (D:14)
  A lost soul (Elf:3)
  3 earth elementals (Depths:3)
  5 big kobolds
  An elf zombie (Elf:1)
  Blork the orc (D:7)
  20 giant frogs
  8 scorpions
  9 wights
  2 electric eels (Elf:3)
  6 crimson imps
  8 hounds
  2 giant frog zombies
  4 jellies
  4 goliath beetles
  2 giant frog skeletons
  2 hell rats
  Crazy Yiuf (D:2)
  A quasit (D:13)
  17 orc priests
  4 gnoll shamans
  Natasha (thrice) (D:4)
  9 iguanas
  32 orc wizards
  11 worker ants
  A killer bee zombie (D:6)
  23 sheep
  A hound zombie (D:10)
  4 hound skeletons
  28 adders
  20 gnolls
  A worker ant zombie (D:6)
  48 river rats
  4 shadow imps
  A giant mite (D:1)
  3 worms (D:3)
  An adder skeleton (D:8)
  5 giant geckos
  An ooze (D:1)
  150 orcs
  A ball python (D:2)
  A bat skeleton (D:5)
  A bat zombie (D:7)
  9 giant cockroaches
  23 goblins
  29 hobgoblins
  11 jackals
  16 quokkas
  A ball python skeleton (D:5)
  18 bats
  A giant gecko skeleton (D:8)
  4 giant newts
  A giant spore (D:12)
  A hobgoblin zombie (D:6)
  A jackal skeleton (D:4)
  30 kobolds
  2 quokka skeletons
  22 rats
  A rat zombie (D:6)
  A ballistomycete (D:12)
  2 crawling corpses (Elf:2)
  5 fungi
  2 plants (D:7)
1368 creatures vanquished.

Vanquished Creatures (collateral kills)
  2 deep elf sorcerers (Elf:3)
  A vault guard (D:13)
  A crystal guardian (Depths:3)
  Fannar (Lair:3)
  3 hydras
  2 catoblepae (Lair:8)
  4 dancing weapons
  7 death yaks
  An orc high priest (Orc:4)
  An ice statue (IceCv)
  A deep elf summoner (Elf:2)
  Pikel (D:9)
  A necromancer (D:13)
  2 ugly things (Depths:3)
  4 elephants (Lair:8)
  2 spiny frogs (Lair:6)
  A smoke demon (Orc:4)
  An orange crystal statue (Elf:3)
  2 yaktaurs (Depths:2)
  A fire drake (Lair:6)
  A deep elf priest (Elf:2)
  A blue devil (Orc:4)
  A polar bear (shapeshifter) (Elf:1)
  4 polar bears (IceCv)
  2 blink frogs (Lair:3)
  A two-headed ogre (D:9)
  A raiju (Depths:3)
  A fire elemental (Depths:3)
  5 yaks
  A hog (shapeshifter) (Depths:3)
  A human (D:13)
  3 deep elf fighters
  2 orc warriors (Orc:4)
  4 ice beasts
  An ogre (Orc:4)
  A crocodile (Lair:3)
  A big kobold (D:8)
  2 hell rats (Elf:2)
  4 river rats (Lair:3)
  An orc (Orc:4)
77 creatures vanquished.

Vanquished Creatures (others)
  A dancing weapon (Depths:3)
  An iron troll (Depths:3)
  A ball lightning (Depths:3)
  2 deep trolls
  2 hill giants
  3 deep elf priests (Elf:3)
  3 trolls
  2 two-headed ogres
  2 water elementals (Depths:3)
  A deep elf fighter (Elf:3)
  3 slaves (D:9)
  2 ogres
  A lost soul (Elf:3)
  A worker ant (D:9)
  A worm (D:4)
  An orc (D:4)
  A bush (D:15)
  13 fungi
  14 plants
55 creatures vanquished.

Grand Total: 1500 creatures vanquished

Notes
Turn   | Place    | Note
--------------------------------------------------------------
     0 | D:1      | McCoppin, the Felid Berserker, began the quest for the Orb.
     0 | D:1      | Reached XP level 1. HP: 10/10 MP: 2/2
    33 | D:1      | Reached skill level 1 in Stealth
   407 | D:1      | Reached XP level 2. HP: 14/14 MP: 3/3
   608 | D:1      | Acquired Trog's second power
   974 | D:1      | Reached XP level 3. HP: 17/17 MP: 5/5
  1868 | D:1      | Reached skill level 5 in Stealth
  1868 | D:1      | Reached XP level 4. HP: 4/21 MP: 7/7
  2541 | D:2      | Reached skill level 6 in Stealth
  2848 | D:2      | Noticed Crazy Yiuf
  2861 | D:2      | Killed Crazy Yiuf
  3032 | D:3      | Reached XP level 5. HP: 24/24 MP: 8/8
  3140 | D:3      | Found a stormy altar of Qazlal.
  3142 | D:3      | Noticed a water elemental
  3143 | D:3      | Noticed a fire elemental
  3143 | D:3      | Noticed an air elemental
  3217 | D:3      | Reached skill level 7 in Stealth
  3649 | D:3      | Reached skill level 8 in Stealth
  4326 | D:4      | Noticed Edmund
  4421 | D:4      | Killed Edmund
  4421 | D:4      | Reached skill level 9 in Stealth
  4421 | D:4      | Gained mutation: You are covered in thick fur (AC +2). [growing up]
  4421 | D:4      | Reached XP level 6. HP: 28/28 MP: 10/10
  4443 | D:4      | Found a glowing golden altar of the Shining One.
  4801 | D:4      | Reached skill level 10 in Stealth
  5352 | D:4      | Noticed a phantom
  5445 | D:4      | Killed a phantom
  5445 | D:4      | Reached XP level 7. HP: 6/31 MP: 12/12
  5884 | D:4      | Acquired Trog's third power
  5994 | D:4      | Noticed Natasha
  5998 | D:4      | Killed Natasha
  6262 | D:4      | Noticed a black bear
  6266 | D:4      | Killed a black bear
  6266 | D:4      | Reached skill level 5 in Unarmed Combat
  6349 | D:4      | Noticed Natasha
  6414 | D:4      | Killed Natasha
  6595 | D:4      | Noticed Natasha
  6610 | D:4      | Killed Natasha
  6741 | D:5      | Entered Level 5 of the Dungeon
  7151 | D:5      | Reached XP level 8. HP: 28/34 MP: 13/13
  7259 | D:5      | Noticed Sigmund
  7274 | D:5      | Killed Sigmund
  8729 | D:6      | Found Wazial's Antique Weapon Boutique.
  8748 | D:6      | Found a shadowy altar of Dithmenos.
  9266 | D:6      | Reached XP level 9. HP: 37/37 MP: 15/15
  9277 | D:6      | Reached skill level 10 in Unarmed Combat
  9528 | D:6      | Found a shattered altar of Ashenzari.
 10458 | D:7      | Found a staircase to the Ecumenical Temple.
 10459 | D:7      | Noticed a centaur skeleton
 10468 | D:7      | Killed a centaur skeleton
 10468 | D:7      | Reached skill level 11 in Unarmed Combat
 11004 | D:7      | Reached skill level 12 in Stealth
 11580 | D:7      | Found a glowing silver altar of Zin.
 12167 | D:7      | Noticed Blork the orc
 12213 | D:7      | Killed Blork the orc
 12213 | D:7      | Reached XP level 10. HP: 22/42 MP: 17/17
 12298 | D:7      | Reached skill level 13 in Stealth
 13099 | D:7      | Reached skill level 14 in Stealth
 13776 | D:8      | Found a sparkling altar of Nemelex Xobeh.
 14036 | D:8      | Found a burning altar of Makhleb.
 14036 | D:8      | Found a deep blue altar of Sif Muna.
 14363 | D:8      | Gained mutation: You heal slowly when monsters are visible. [mutagenic meat]
 14364 | D:8      | Gained mutation: Your mind is acute. (Int +2) [mutagenic meat]
 14365 | D:8      | Gained mutation: Your spells are a little harder to cast, but a little more powerful. [mutagenic meat]
 14462 | D:8      | Noticed Eustachio
 14703 | D:8      | Reached skill level 15 in Stealth
 14777 | D:8      | Killed Eustachio
 14897 | D:8      | Found a shimmering altar of Xom.
 14973 | D:8      | Reached skill level 5 in Dodging
 15053 | D:8      | Gained mutation: You can spit poison. [potion of mutation]
 15630 | D:8      | Noticed a three-headed hydra
 15638 | D:8      | HP: 2/63 [three-headed hydra (17)]
 15638 | D:8      | Slain by a three-headed hydra
 15639 | D:8      | Reached XP level 9. HP: -1/55 MP: 15/15
 15643 | D:8      | Killed a three-headed hydra
 15740 | D:9      | Found Khawaifu's Antique Weapon Boutique.
 15771 | D:9      | Found a staircase to the Lair.
 15875 | D:9      | Noticed Pikel
 15934 | D:9      | Found an ancient bone altar of Kikubaaqudgha.
 16187 | D:9      | Killed Pikel
 16187 | D:9      | Reached XP level 10. HP: 24/42 MP: 17/17
 16673 | D:9      | Noticed ZiggyStardust's ghost (experienced OpTm)
 16775 | D:9      | Killed ZiggyStardust's ghost
 16950 | D:9      | Reached skill level 10 in Dodging
 17142 | Lair:1   | Entered Level 1 of the Lair of Beasts
 17901 | Lair:1   | Noticed a black mamba
 18003 | Lair:1   | Killed a black mamba
 18453 | Lair:1   | Noticed a black mamba
 18462 | Lair:1   | Killed a black mamba
 19453 | Lair:2   | Reached XP level 11. HP: 44/46 MP: 18/18
 20120 | Lair:2   | Reached skill level 5 in Fighting
 20459 | Lair:3   | Noticed a four-headed hydra
 20467 | Lair:3   | Killed a four-headed hydra
 20601 | Lair:3   | Noticed Fannar
 20634 | Lair:3   | HP: 1/50 [river rat (4)]
 20634 | Lair:3   | Mangled by a river rat
 20635 | Lair:3   | Reached XP level 10. HP: -7/47 MP: 17/17
 20635 | Lair:3   | Noticed Rupert
 21139 | Lair:3   | Killed Rupert
 21305 | Lair:3   | Killed Fannar
 21306 | Lair:3   | Reached XP level 11. HP: 41/53 MP: 18/18
 21308 | Lair:3   | Noticed a death yak
 21308 | Lair:3   | Noticed a death yak
 21311 | Lair:3   | Killed a death yak
 21312 | Lair:3   | Killed a death yak
 21323 | Lair:3   | Gained mutation: Your system is resistant to poisons. [potion of mutation]
 21323 | Lair:3   | Lost mutation: Your system is resistant to poisons. [potion of mutation]
 21323 | Lair:3   | Gained mutation: You are partially covered in iridescent scales (AC +4). [potion of mutation]
 21699 | Lair:3   | Noticed a death yak
 21700 | Lair:3   | Noticed a death yak
 21702 | Lair:3   | Noticed a death yak
 21936 | Lair:3   | Found a staircase to the Swamp.
 21980 | Lair:3   | Reached skill level 10 in Fighting
 21998 | Lair:3   | Noticed a death yak
 22078 | Lair:3   | Noticed a catoblepas
 22103 | Lair:4   | Noticed a five-headed hydra
 22120 | Lair:4   | Noticed Harold
 22140 | Lair:4   | Killed Harold
 23512 | Lair:4   | Killed a five-headed hydra
 23512 | Lair:4   | Reached skill level 16 in Stealth
 24487 | Lair:5   | Found a staircase to the Snake Pit.
 24767 | Lair:5   | Noticed an eight-headed hydra
 24775 | Lair:5   | Killed an eight-headed hydra
 24775 | Lair:5   | Reached skill level 17 in Stealth
 25188 | Lair:6   | Gained mutation: Your thick and shaggy fur keeps you warm (AC +3, rC+). [growing up]
 25188 | Lair:6   | Reached XP level 12. HP: 58/58 MP: 19/19
 25200 | Lair:6   | Reached skill level 18 in Stealth
 25455 | Lair:6   | Noticed a six-headed hydra
 25466 | Lair:6   | Killed a six-headed hydra
 25759 | Lair:6   | Noticed a death yak
 25759 | Lair:6   | Noticed a death yak
 25821 | Lair:6   | Killed a death yak
 25826 | Lair:6   | Killed a death yak
 25826 | Lair:6   | Reached skill level 19 in Stealth
 26040 | Lair:6   | Noticed a death yak
 26042 | Lair:6   | Noticed a death yak
 26042 | Lair:6   | Noticed a death yak
 26084 | Lair:6   | Killed a death yak
 26088 | Lair:6   | Killed a death yak
 26091 | Lair:6   | Killed a death yak
 26371 | Lair:6   | Noticed a catoblepas
 26408 | Lair:6   | Killed a catoblepas
 26908 | Lair:7   | Reached skill level 20 in Stealth
 27710 | Lair:8   | Entered Level 8 of the Lair of Beasts
 27996 | Lair:8   | Reached XP level 13. HP: 61/61 MP: 20/20
 28119 | Lair:8   | Found a viscous altar of Jiyva.
 28120 | Lair:8   | Found a staircase to the Slime Pits.
 28193 | Lair:8   | Reached skill level 21 in Stealth
 28940 | Lair:8   | Noticed a catoblepas
 28972 | Lair:8   | Killed a catoblepas
 29231 | Lair:8   | Noticed a catoblepas
 29232 | Lair:8   | Reached skill level 22 in Stealth
 29253 | Lair:8   | Killed a catoblepas
 29419 | Lair:8   | Got a heavily runed helmet
 29424 | Lair:8   | Identified the cursed -4 helmet "Daos" {Str+6} (You found it on level 8 of the Lair of Beasts)
 29522 | Lair:8   | Noticed a catoblepas
 29544 | Lair:8   | Killed a catoblepas
 29735 | Lair:8   | Gained mutation: You are partially covered in slimy green scales (AC +2). [potion of beneficial mutation]
 29928 | Lair:3   | Killed a catoblepas
 29950 | Lair:3   | Killed a death yak
 29959 | Lair:3   | Killed a death yak
 29964 | Lair:3   | Killed a death yak
 29964 | Lair:3   | Reached skill level 23 in Stealth
 30174 | D:10     | Entered Level 10 of the Dungeon
 30631 | D:10     | Noticed Maurice
 30646 | D:10     | Killed Maurice
 31630 | D:11     | Found a staircase to the Orcish Mines.
 31631 | D:11     | Noticed Erica
 31635 | D:11     | Noticed Grum
 31662 | D:11     | Noticed Nergalle
 31687 | D:11     | Killed Nergalle
 31731 | D:11     | Killed Erica
 31944 | D:11     | Killed Grum
 32219 | D:11     | Reached XP level 14. HP: 66/66 MP: 21/21
 32323 | D:11     | Gained mutation: You are frail (-10% HP). [mutagenic meat]
 32686 | D:12     | Found Brielofa's Armour Shop.
 34360 | D:13     | Reached skill level 15 in Unarmed Combat
 35154 | D:13     | Found a gate to the Vaults.
 35855 | D:14     | Identified a scroll of acquirement
 36832 | D:15     | Entered Level 15 of the Dungeon
 37562 | D:15     | Noticed an emperor scorpion
 37563 | D:15     | Found a staircase to the Depths.
 37567 | D:15     | Killed an emperor scorpion
 37576 | D:15     | Reached XP level 15. HP: 62/62 MP: 22/22
 38217 | Lair:2   | Lost mutation: Your spells are a little harder to cast, but a little more powerful. [potion of mutation]
 38217 | Lair:2   | Gained mutation: Your flesh is heat resistant. [potion of mutation]
 38491 | Orc:1    | Entered Level 1 of the Orcish Mines
 38638 | Orc:1    | Found a roughly hewn altar of Beogh.
 38873 | Orc:2    | Noticed Sonja
 38936 | Orc:2    | Found Triug's Book Shop.
 39288 | Orc:2    | Killed Sonja
 39400 | Orc:1    | Found Ditefoit's Weapon Emporium.
 39558 | Orc:3    | Noticed Donald
 39567 | Orc:3    | Killed Donald
 39646 | Orc:3    | Found a staircase to the Elven Halls.
 39656 | Orc:3    | Found a frozen archway.
 39769 | IceCv    | Entered an ice cave
 41383 | Orc:4    | Entered Level 4 of the Orcish Mines
 41444 | Orc:4    | Found Ylanitalu's Antique Armour Boutique.
 41839 | Orc:4    | Found Festag's Book Shoppe.
 41943 | Orc:4    | Slain by a sixfirhy
 41944 | Orc:4    | Reached XP level 14. HP: -2/59 MP: 21/21
 42034 | Orc:4    | Found Cogitirij's General Store.
 42173 | Orc:4    | Bought a wand of paralysis (13) for 150 gold pieces
 42173 | Orc:4    | Bought a scroll of identify for 20 gold pieces
 42324 | Orc:4    | Found Ihistrug's Antique Weapon Boutique.
 42616 | Orc:4    | Bought a manual of Stealth for 1766 gold pieces
 43283 | Lair:2   | Lost mutation: You are frail (-10% HP). [potion of mutation]
 43431 | Snake:1  | Entered Level 1 of the Snake Pit
 44135 | Depths:1 | Entered Level 1 of the Depths
 44229 | Depths:1 | Reached skill level 24 in Stealth
 44237 | Depths:1 | Found a one-way gate leading to the halls of Pandemonium.
 44578 | Depths:1 | Reached XP level 15. HP: 57/69 MP: 22/22
 44762 | Depths:1 | Noticed a frost giant
 44854 | Depths:1 | Found a gateway to Hell.
 44967 | Depths:1 | Reached skill level 25 in Stealth
 45114 | Depths:1 | Gained mutation: You are frail (-10% HP). [mutagenic meat]
 45117 | Depths:1 | Lost mutation: You are frail (-10% HP). [mutagenic meat]
 45224 | Depths:1 | Gained mutation: Your spells are a little easier to cast, but a little less powerful. [mutagenic meat]
 45225 | Depths:1 | Gained mutation: You possess an exceptional clarity of mind. [mutagenic meat]
 45226 | Depths:1 | Gained mutation: You can spit moderately strong poison. [mutagenic meat]
 45228 | Depths:1 | Gained mutation: You passively map a small area around you. [mutagenic meat]
 45231 | Depths:1 | Gained mutation: You are weak. (Str -2) [mutagenic meat]
 45232 | Depths:1 | Lost mutation: You are partially covered in slimy green scales (AC +2). [mutagenic meat]
 45380 | Depths:1 | Reached skill level 26 in Stealth
 45753 | Depths:1 | Slain by an ettin
 45754 | Depths:1 | Reached XP level 14. HP: 0/66 MP: 21/21
 45791 | Depths:1 | Killed a frost giant
 45882 | Depths:1 | Noticed Agnes
 46187 | Depths:1 | Killed Agnes
 46187 | Depths:1 | Reached skill level 27 in Stealth
 46191 | Depths:1 | Noticed an emperor scorpion
 46208 | Depths:1 | Killed an emperor scorpion
 46557 | Depths:2 | Noticed a sphinx
 46578 | Depths:2 | Killed a sphinx
 46977 | Depths:2 | Reached XP level 15. HP: 69/69 MP: 22/22
 47049 | Depths:2 | Lost mutation: You are partially covered in iridescent scales (AC +4). [potion of mutation]
 47049 | Depths:2 | Lost mutation: Your mind is acute. (Int +2) [potion of mutation]
 47115 | Depths:2 | Found a gateway to a ziggurat.
 47224 | Depths:2 | Noticed a fire giant
 47242 | Depths:2 | Killed a fire giant
 48794 | Depths:3 | Reached skill level 15 in Dodging
 48849 | Depths:3 | Gained mutation: Space occasionally distorts in your vicinity. [mutagenic meat]
 49077 | Depths:3 | Gained mutation: You are agile. (Dex +2) [mutagenic meat]
 49078 | Depths:3 | Gained mutation: Your flesh is cold resistant. [mutagenic meat]
 49081 | Depths:3 | Gained mutation: Your flesh is very heat resistant. [mutagenic meat]
 49082 | Depths:3 | Gained mutation: You can translocate small distances at will. [mutagenic meat]
 49083 | Depths:3 | Lost mutation: You heal slowly when monsters are visible. [mutagenic meat]
 49422 | Depths:3 | Gained mutation: You are resistant to electric shocks. [mutagenic meat]
 49905 | Elf:1    | Entered Level 1 of the Elven Halls
 49950 | Elf:1    | Found Loecugiz's Magic Scroll Shop.
 49957 | Elf:1    | Bought a scroll of identify for 24 gold pieces
 49957 | Elf:1    | Bought a scroll of teleportation for 36 gold pieces
 49957 | Elf:1    | Bought a scroll of identify for 24 gold pieces
 50423 | Elf:1    | Identified the Papyrus of Stolen Souls
 50835 | Elf:1    | Reached XP level 16. HP: 73/73 MP: 23/23
 51482 | Elf:1    | Slain by a hell rat
 51483 | Elf:1    | Reached XP level 15. HP: -3/69 MP: 22/22
 52359 | Elf:2    | Lost mutation: You are agile. (Dex +2) [potion of mutation]
 52360 | Elf:2    | Gained mutation: You have a pair of small antennae on your head. [potion of beneficial mutation]
 53132 | Elf:2    | Found a runed gate.
 53133 | Elf:2    | Found a runed gate.
 53134 | Elf:2    | Found a runed gate.
 54043 | Elf:3    | Entered Level 3 of the Elven Halls
 54468 | Elf:3    | Reached XP level 16. HP: 73/73 MP: 23/23
 55263 | Elf:3    | Noticed a Brimstone Fiend
 55458 | Elf:3    | Got a twitching copper ring
 55755 | Elf:3    | Noticed a deep elf master archer
 55792 | Elf:3    | Killed a deep elf master archer
 55927 | Elf:3    | Identified the ring of Viarchixo {rPois rC+ MP+9 Dex+3 Stlth-} (You took it off a deep elf demonologist on level 3 of the Elven Halls)
 56076 | Elf:3    | Noticed a deep elf blademaster
 56246 | Elf:3    | Killed a deep elf blademaster
 56256 | Elf:3    | Got a smoking marble ring
 56293 | Elf:3    | Identified the ring of Joatrec {Dex+4 Stlth-} (You took it off a deep elf blademaster on level 3 of the Elven Halls)
 56768 | Elf:3    | Noticed a deep elf blademaster
 56886 | Elf:3    | Killed a deep elf blademaster
 56893 | Elf:3    | Killed from afar by a deep elf death mage

Action                   |  1- 3 |  4- 6 |  7- 9 | 10-12 | 13-15 | 16-18 || total
-------------------------+-------+-------+-------+-------+-------+-------++-------
Melee: Unarmed           |    94 |   187 |   399 |   934 |  2228 |   202 ||  4044
Invok: Berserk           |     4 |     9 |    21 |    35 |    79 |    14 ||   162
       Trog's Hand       |       |     1 |     9 |    21 |    68 |    12 ||   111
       Brothers in Arms  |       |       |     3 |     7 |    19 |     4 ||    33
 Abil: Spit Poison       |       |       |     1 |     6 |     3 |       ||    10
       Blink             |       |       |       |       |     2 |     1 ||     3
Evoke: Wand              |       |       |       |     2 |     8 |     5 ||    15
  Use: Potion            |     1 |       |     2 |     7 |    17 |     3 ||    30
       Scroll            |       |     9 |     7 |    13 |    18 |     4 ||    51
 Stab: Sleeping          |     2 |    15 |    23 |    40 |   158 |     4 ||   242
       Distracted        |       |     2 |     4 |    11 |    31 |     6 ||    54
       Petrifying        |       |       |       |       |     1 |       ||     1
       Paralysed         |       |       |       |       |     1 |       ||     1
       Fleeing           |       |       |       |       |     4 |       ||     4
  Eat: Chunk             |     5 |    19 |    30 |    78 |   143 |    10 ||   285
       Beef jerky        |       |       |     1 |     2 |     2 |       ||     5
       Meat ration       |       |       |     1 |       |     7 |     1 ||     9
       Royal jelly       |       |       |       |       |     2 |       ||     2
